 Dungeon Crawl Stone Soup version 0.27.1-34-g3ba077fa99 (webtiles) character file.

Game seed: 12427868998262984664

3616 Theotherone the Cleaver (level 9, -11/82 (85) HPs)
             Began as a Minotaur Berserker on Jan 2, 2022.
             Was an Elder of Trog.
             Mangled by a yak (13 damage)
             ... on level 8 of the Dungeon on Jan 9, 2022.
             The game lasted 00:23:14 (8255 turns).

Theotherone the Cleaver (Minotaur Berserker)        Turns: 8255, Time: 00:23:14

HP:   -11/82 (85)   AC: 13    Str: 22    XL:     9   Next: 86%
MP:   8/8           EV: 10    Int:  3    God:    Trog [****..]
Gold: 148           SH:  4    Dex: 10    Spells: 8/8 levels left

rFire    . . .     SeeInvis .   a - +2 war axe (freeze)
rCold    . . .     Faith    .   y - +0 buckler
rNeg     . . .     Spirit   .   F - +2 scale mail {rPois}
rPois    +         Reflect  .   (helmet restricted)
rElec    .         Harm     .   (no cloak)
rCorr    .         Rampage  .   p - +1 pair of gloves
Will     .....     Clarity  +   (no boots)
Stlth    ..........             (no amulet)
HPRegen  0.23/turn              (no ring)
MPRegen  0.11/turn              (no ring)

@: mighty, on berserk cooldown, slowed, lightly drained, very slow
A: horns 2, retaliatory headbutt, iridescent scales 1, clarity, dopey 1, weak 1
a: Renounce Religion, Berserk, Trog's Hand, Brothers in Arms


You were on level 8 of the Dungeon.
You worshipped Trog.
Trog was greatly pleased with you.
You visited 1 branch of the dungeon, and saw 8 of its levels.

You collected 404 gold pieces.
You spent 256 gold pieces at shops.

Inventory:

Hand Weapons
 a - a +2 war axe of freezing (weapon)
 b - the +6 hunting sling of Karma {freeze, rPois rC+}
   (You found it on level 6 of the Dungeon)

   Any ammunition fired from it freezes those it strikes, dealing additional
   cold damage.
   It can also slow down cold-blooded creatures.
   rC:        It protects you from cold.
   rPois:     It protects you from poison.
 k - a +0 hand axe
 q - a +0 morningstar
 v - a +0 hand axe of freezing
Missiles
 i - 38 poisoned darts (quivered)
 j - 2 throwing nets
 H - 178 stones
Armour
 p - a +1 pair of gloves (worn)
 y - a +0 buckler (worn)
 z - a +0 tower shield
 A - a +0 chain mail
 E - a +0 ring mail of poison resistance
 F - a +2 scale mail of poison resistance (worn)
 G - a +0 animal skin
 L - a +0 plate armour
Jewellery
 I - a +4 ring of evasion
 J - a ring of flight
Wands
 B - a wand of paralysis (7)
Scrolls
 c - 2 scrolls of fog
 d - 3 scrolls of teleportation
 l - 5 scrolls of identify {@r1}
 r - a scroll of enchant armour
Potions
 e - 2 potions of might
 f - 2 potions of curing
 g - a potion of ambrosia {unknown}
 h - a potion of haste {unknown}
 m - a potion of cancellation {unknown}
 o - 2 potions of magic {unknown}
 t - a potion of resistance {unknown}
 u - a potion of attraction {unknown}
 D - a potion of berserk rage {unknown}
 M - a potion of brilliance {unknown}
 N - a potion of lignification {unknown}


   Skills:
 - Level 10.0 Fighting
 + Level 13.0 Axes
 + Level 3.7 Armour
 - Level 2.1 Dodging
 - Level 1.3 Stealth
 - Level 4.0 Shields


You had 8 spell levels left.
You didn't know any spells.
Your spell library was empty.

Dungeon Overview and Level Annotations

Branches:
Dungeon (8/15)             Temple (0/1) D:6
   Lair: D:8-11

Altars:
Trog
Vehumet
Yredelemnul

Shops:
D:2 [[*   D:4 *[   D:7 [*(


Innate Abilities, Weirdness & Mutations

You have a pair of horns on your head.
You reflexively headbutt those who attack you in melee.
You are partially covered in iridescent scales. (AC +2)
You possess an exceptional clarity of mind.
You are dopey. (Int -2)
You are weak. (Str -2)


Message History

The yak bellows!
The yak gores you!
You slash the yak! You freeze the yak.
The yak is moderately wounded.
A yak comes into view.
The yak misses you.
The yak bellows!
You hit the yak but do no damage. Your headbutt misses the yak.
The yak is moderately wounded.
You hear a bellow!
The yak gores you but does no damage.
A yak comes into view.
The yak barely misses you.
You barely miss the yak. Your headbutt misses the yak.
The yak is moderately wounded.
You slash the yak! You freeze the yak. You headbutt the yak.
The yak is heavily wounded.
The yak closely misses you.
You hit the yak. You freeze the yak. You headbutt the yak.
The yak is heavily wounded.
You hit the yak but do no damage. You hit the yak. You freeze the yak.
The yak gores you!
* * * LOW HITPOINT WARNING * * *
The yak gores you but does no damage. The yak gores you!
* * * LOW HITPOINT WARNING * * *
The yak gores you.
* * * LOW HITPOINT WARNING * * *
Items here: )) [ †.
Okay, then.
You feel better. The yak gores you.
* * * LOW HITPOINT WARNING * * *
The yak gores you!
* * * LOW HITPOINT WARNING * * *
You block the yak's attack.
You feel very mighty all of a sudden.
You hear the faint creaking of a very distant portcullis.
The yak gores you.
* * * LOW HITPOINT WARNING * * *
The yak gores you!
You die...

.. # ##..## ..../#
.$#. #....# #....##
##..# #.....## ......#
#....###..##..##......
#.....#..# #......#
#......## #....#
##......###...##
##...YY#.).#..# ##
##..Y@)).##..# #.#
#...)).###..# #.#
#.......## ##.####.#
....####.. ##..##..#
#..## ##.. #.....<##
... #.....#...# ..
##.######.# #.# ##.# .
#.#


You could see 3 yaks.

Vanquished Creatures
  A troll (D:6)
  Grinder (D:5)
  A hornet (D:4)
  6 yaks (D:5)
  2 water moccasins
  An orc warrior (D:8)
  A sky beast (D:6)
  2 black bears (D:6)
  2 ogres
  A centaur (D:5)
  A bullfrog (D:6)
  2 scorpions
  A water moccasin skeleton (D:6)
  5 wights (D:8)
  An electric eel (D:7)
  2 bullfrog zombies
  An orc priest (D:6)
  4 centaur skeletons
  2 hounds
  2 bullfrog skeletons
  A gnoll shaman (D:3)
  2 iguanas
  5 orc wizards
  A killer bee zombie (D:7)
  A hound zombie (D:5)
  Robin (D:2)
  4 gnolls (D:3)
  3 howler monkey skeletons
  6 adders
  A shadow imp (D:5)
  2 white imps (D:6)
  3 ufetubi
  An adder skeleton (D:4)
  3 worms
  A dart slug (D:2)
  33 orcs
  12 endoplasms
  2 giant cockroaches
  14 goblins
  10 hobgoblins
  7 jackals (D:1)
  8 kobolds
  2 quokkas
  6 ball pythons
  5 bats
  5 frilled lizards
  7 rats
185 creatures vanquished.

Vanquished Creatures (others)
  An ice beast (D:5)
  19 plants
  A withered plant (D:3)
21 creatures vanquished.

Grand Total: 206 creatures vanquished

Notes
Turn   | Place    | Note
-------+----------+-------------------------------------------
     0 | D:1      | Theotherone the Minotaur Berserker began the quest for the
                  | Orb.
     0 | D:1      | Reached XP level 1. HP: 19/19 MP: 0/0
    99 | D:1      | Reached skill level 4 in Axes
   239 | D:1      | Reached XP level 2. HP: 22/26 MP: 1/1
   298 | D:1      | Found a faded altar of an unknown god.
   764 | D:1      | Reached skill level 5 in Axes
   766 | D:1      | Reached XP level 3. HP: 28/31 MP: 2/2
   766 | D:1      | Reached ** piety under Trog
  1678 | D:2      | Found Uradopri's Armour Shop.
  1724 | D:2      | Reached XP level 4. HP: 7/39 MP: 3/3
  2023 | D:2      | Noticed Robin
  2028 | D:2      | Reached skill level 6 in Axes
  2037 | D:2      | Killed Robin
  2522 | D:2      | Found Elosaagi's Assorted Antiques.
  2527 | D:2      | Bought a cyan potion for 17 gold pieces
  2527 | D:2      | Bought a pink potion for 17 gold pieces
  2527 | D:2      | Bought a purple potion for 17 gold pieces
  2529 | D:2      | Bought a scroll labelled WUCUHA CECLIOCW for 19 gold pieces
  2529 | D:2      | Bought a scroll labelled FUROTU TUCZOW for 19 gold pieces
  2730 | D:2      | Found Duazxem's Antique Armour Shoppe.
  2982 | D:3      | Reached XP level 5. HP: 33/45 MP: 4/4
  2983 | D:3      | Reached skill level 7 in Axes
  3691 | D:3      | Found a basalt altar of Yredelemnul.
  4044 | D:4      | Reached *** piety under Trog
  4348 | D:4      | Found Fyzuluv's Armour Shoppe.
  4473 | D:4      | Reached skill level 8 in Axes
  4473 | D:4      | Reached XP level 6. HP: 51/51 MP: 5/5
  4473 | D:4      | Found Xeysehub's Assorted Antiques.
  4486 | D:4      | Bought a murky emerald potion for 19 gold pieces
  4486 | D:4      | Bought a scroll labelled YXUNING VIESYA for 22 gold pieces
  4486 | D:4      | Bought a scroll of identify for 44 gold pieces
  4488 | D:4      | Gained mutation: You are dopey. (Int -2) [potion of
                  | mutation]
  4488 | D:4      | Gained mutation: Your spells are a little harder to cast,
                  | but a little more powerful. [potion of mutation]
  4488 | D:4      | Gained mutation: Armour fits poorly on your strangely
                  | shaped body. [potion of mutation]
  4488 | D:4      | Gained mutation: You are partially covered in iridescent
                  | scales. (AC +2) [potion of mutation]
  4489 | D:4      | Lost mutation: Your spells are a little harder to cast, but
                  | a little more powerful. [potion of mutation]
  4489 | D:4      | Lost mutation: Armour fits poorly on your strangely shaped
                  | body. [potion of mutation]
  4489 | D:4      | Gained mutation: You are weak. (Str -2) [potion of
                  | mutation]
  4489 | D:4      | Gained mutation: You possess an exceptional clarity of
                  | mind. [potion of mutation]
  4781 | D:4      | Noticed a hornet
  4787 | D:4      | Killed a hornet
  5110 | D:5      | Entered Level 5 of the Dungeon
  5110 | D:5      | Noticed a yak
  5110 | D:5      | Noticed a yak
  5111 | D:5      | Noticed a yak
  5111 | D:5      | Noticed a yak
  5117 | D:5      | Noticed a yak
  5129 | D:5      | Killed a yak
  5130 | D:5      | Reached skill level 5 in Fighting
  5130 | D:5      | Reached skill level 9 in Axes
  5130 | D:5      | Reached XP level 7. HP: 61/61 MP: 6/6
  5133 | D:5      | Noticed a yak
  5133 | D:5      | Killed a yak
  5134 | D:5      | Killed a yak
  5136 | D:5      | Killed a yak
  5137 | D:5      | Reached skill level 10 in Axes
  5137 | D:5      | Reached XP level 8. HP: 66/71 MP: 7/7
  5353 | D:5      | Found a radiant altar of Vehumet.
  5388 | D:5      | Found a bloodstained altar of Trog.
  5731 | D:5      | Reached skill level 11 in Axes
  5896 | D:5      | Noticed Grinder
  5912 | D:5      | Killed Grinder
  6356 | D:6      | Reached XP level 9. HP: 82/83 MP: 8/8
  6666 | D:6      | Reached skill level 12 in Axes
  6680 | D:6      | Identified the +6 hunting sling of Karma {freeze, rPois
                  | rC+}
  6768 | D:6      | Found a staircase to the Ecumenical Temple.
  6895 | D:6      | Reached skill level 10 in Fighting
  6968 | D:6      | Reached skill level 1 in Stealth
  6968 | D:6      | Reached skill level 1 in Shields
  7068 | D:6      | Noticed a troll
  7081 | D:6      | Killed a troll
  7509 | D:7      | Found Hocegez's Antique Armour Boutique.
  7510 | D:7      | Found Tum Qema's General Store.
  7513 | D:7      | Found Toimovej's Antique Weapon Emporium.
  7635 | D:7      | Bought a scroll of enchant weapon for 82 gold pieces
  7792 | D:7      | Reached **** piety under Trog
  8242 | D:8      | Reached skill level 13 in Axes
  8255 | D:8      | HP: 2/82 [yak (3)]
  8255 | D:8      | Mangled by a yak

Illustrated notes

Levels and vault maps discovered:
D:1:      roderic_crop_circles_arrival_small, layout_basic,
          hellmonk_ecumenical_altar_crossroads, nrook_campfire,
          minmay_split_cup_large
D:2:      layout_loops_cross, serial_shops, shop, nicolae_square_shop, shop,
          uniq_robin
D:3:      layout_loops_ring, yredelemnul_altar_generic
D:4:      layout_loops_corners, serial_shops, nicolae_shop_overgrown_old_shop,
          nicolae_shop_competitors_out_of_business, minivault_1,
          kennysheep_generic_room_8
D:5:      layout_loops_corners, trog_three_pillars_becter, fiery_altar_vehumet,
          kennysheep_generic_room_11, uniq_grinder
D:6:      minmay_razor_zed, layout_basic, minmay_temple_entry_statues_pillars
D:7:      layout_basic, nicolae_wooded_promenade
D:8:      layout_layer_cave, lemuel_coloured_pillars_altar, dpeg_oklobed_lair,
          enter_bailey_2, uniq_pikel, uniq_psyche

Skill      XL: |  1  2  3  4  5  6  7  8  9 |
---------------+----------------------------+-----
Axes           | 4 5 6 8 9 10 11 13 | 13.0
Fighting       | 5 6 9 10 | 10.0
Stealth        | 1 |  1.3
Shields        | 4 |  4.0
Armour         | 3 |  3.7
Dodging        | |  2.1

Action                   |  1- 3 |  4- 6 |  7- 9 || total
-------------------------+-------+-------+-------++-------
Melee: Hand axe          |    94 |    55 |    11 ||   160
       Headbutt          |    14 |    19 |    39 ||    72
       War axe           |       |    55 |   155 ||   210
 Fire: Hunting sling     |       |       |     5 ||     5
Invok: Berserk           |     2 |     4 |    10 ||    16
       Trog's Hand       |       |     3 |     5 ||     8
  Use: Scroll            |       |     6 |     8 ||    14
       Potion            |       |     2 |     2 ||     4
 Stab: Sleeping          |     2 |     2 |       ||     4
Armor: Animal skin       |    11 |    24 |     2 ||    37
       Chain mail        |       |       |    37 ||    37
       Scale mail        |       |       |    63 ||    63
Dodge: Dodged            |    63 |    79 |    89 ||   231
Block: Buckler           |       |       |    23 ||    23
